 Dungeon Crawl Stone Soup version 0.30-b1-2-g02819fbbbe (webtiles) character file.

Game seed: 12501118979864507216

34927 MisterFreud the Acrobat (level 13, -5/70 HPs)
             Began as a Felid Berserker on Dec 18, 2023.
             Was a High Priest of Trog.
             Slain by a thorn hunter (13 damage)
             ... on level 2 of the Swamp.
             The game lasted 00:36:57 (24756 turns).

MisterFreud the Acrobat (Felid Berserker)          Turns: 24756, Time: 00:36:58

Health: -5/70      AC:  3    Str: 13    XL:     13   Next: 44%
Magic:  14/14      EV: 47    Int:  9    God:    Trog [*****.]
Gold:   1759       SH:  0    Dex: 29    Spells: 12/12 levels left
                                        Lives:  0   Deaths: 4

rFire   . .          .
                       - Unarmed
rCold   + . .        (shield unavailable)
rNeg    . . .        (body armour unavailable)
rPois   .            (helmet unavailable)
rElec   .            (cloak unavailable)
rCorr   .            (gloves unavailable)
SInv    +            (boots unavailable)
Will    ++++.        l - amulet of faith
Stlth   +++++++      e - +6 ring of dexterity
HPRegen 1.31/turn    q - ring of willpower
MPRegen 0.14/turn

%: faith
@: strong-willed, regenerating, quick
A: very small, claws 1, fangs 3, see invisible, speed 1, shaggy fur 3, stealthy
paws, no weapons or thrown items, no armour, multi-lived
a: Renounce Religion, Berserk, Trog's Hand, Brothers in Arms


You were on level 2 of the Swamp.
You worshipped Trog.
Trog was extremely pleased with you.
You visited 3 branches of the dungeon, and saw 22 of its levels.

You collected 1881 gold pieces.
You spent 122 gold pieces at shops.

Inventory:

Jewellery
 e - a +6 ring of dexterity (left paw)
 l - an amulet of faith (around neck)
 m - the ring of Pumythre {Fly rCorr}
   (You found it on level 4 of the Dungeon)

   [ring of resist corrosion]

   Fly:       It grants you flight.
   rCorr:     It protects you from acid and corrosion.
 p - a ring of protection from fire
 q - a ring of willpower (right paw)
 r - a +6 ring of intelligence
 x - a ring of poison resistance
 y - a ring of positive energy
 E - an amulet of magic regeneration
 I - a ring of fire
 J - a ring of protection from cold
 K - a +6 ring of dexterity
 L - a ring of flight
 M - a +4 ring of protection
Wands
 h - a wand of polymorph (17)
 o - a wand of paralysis (33)
 u - a wand of iceblast (34)
 F - a wand of flame (31)
Scrolls
 f - 4 scrolls of teleportation
 g - 4 scrolls of fear
 j - 3 scrolls of magic mapping
 B - 2 scrolls of silence
 G - 3 scrolls of fog
Potions
 a - 5 potions of might
 b - 2 potions of berserk rage
 c - 2 potions of attraction
 d - 12 potions of curing
 i - 2 potions of ambrosia
 k - 7 potions of heal wounds
 n - 2 potions of resistance
 s - 2 potions of lignification
 t - 7 potions of degeneration
 v - 2 potions of mutation
 w - 3 potions of haste
 z - a potion of flight
 A - 2 potions of magic
 C - a potion of invisibility
 D - a potion of cancellation
Miscellaneous
 H - a box of beasts


   Skills:
 + Level 16.2 Fighting
 - Level 22.0 Dodging
 - Level 15.0 Stealth
 + Level 15.7 Unarmed Combat
 - Level 10.0 Evocations


You had 12 spell levels left.
You didn't know any spells.
Your spell library was empty.

Dungeon Overview and Level Annotations

Branches:
Dungeon (15/15)            Temple (0/1) D:4            Lair (5/5) D:8
  Swamp (2/4) Lair:2        Snake (0/4) Lair:2        Slime (0/5) Lair:5
    Orc (0/2) D:10         Vaults (0/5) D:14         Depths (0/4) D:15

Altars:
Cheibriados
Fedhas
Hepliaklqana
Qazlal
Ru
Wu Jian
Xom

Shops:
D:3 !   D:4 !   D:8 ?

Annotations:
D:14 Roxanne
Lair:1 exclusion: oklob plant


Innate Abilities, Weirdness & Mutations

You have sharp claws.
You have razor-sharp teeth.
You have supernaturally acute eyesight. (SInv)
You cover ground quickly. (Speed+)
Your thick and shaggy fur keeps you warm. (AC +3, rC+)
Your paws help you pounce on unaware monsters.
You are incapable of wielding weapons or throwing items.
You cannot wear armour.
You gain extra lives every three experience levels.


Message History

The thorn hunter fires a volley of thorns at you.
The volley of thorns misses you. The volley of thorns hits your ogre!!
Your unstable footing causes you to fumble your attack.
The briar patch crumbles away. x3
The thorn hunter fires a volley of thorns at you.
The volley of thorns hits you!
You claw the thorn hunter!
You bite the thorn hunter, but do no damage.
The thorn hunter is moderately damaged.
The briar patch crumbles away. x2; The thorn hunter misses you.
The thorn hunter completely misses you.
The briar patch crumbles away. x2
The thorn hunter gestures.
Thorny briars emerge from the ground!
Your ogre hits the thorn hunter with a +0 giant spiked club!
The thorn hunter fires a volley of thorns at you.
The volley of thorns misses you.
Your unstable footing causes you to fumble your attack.
The briar patch crumbles away.
Your ogre hits the thorn hunter with a +0 giant spiked club!!
You mangle the thorn hunter!!
You bite the thorn hunter, but do no damage.
The thorn hunter is almost destroyed.
The thorn hunter completely misses you. The thorn hunter hits you!
You scratch the thorn hunter.
The thorn hunter is almost destroyed.
Your ogre closely misses the thorn hunter.
The thorn hunter completely misses you. The thorn hunter misses you.
Unknown command.
Your unstable footing causes you to fumble your attack.
The thorn hunter fires a volley of thorns at you.
The volley of thorns hits you!!
* * * LOW HITPOINT WARNING * * *
Your ogre completely misses the thorn hunter.
Unknown command.
The briar patch crumbles away.
The thorn hunter completely misses you.
The thorn hunter hits you but does no damage.
Your ogre completely misses the thorn hunter.
The thorn hunter completely misses you. The thorn hunter hits you!
You die...

~~~~~.~ ..<~ ♣P.PP~~.♣
.~.~~~ ♣PPP~§.~.
♣.~~~. ♣♣...~~~.~
♣♣♣♣~.~§. ♣♣.~...~~~.
...~...P♣ ♣P.~~.....
~~~.~PPP♣♣♣♣♣.~~§.♣
~~~.~PP~.♣~P§~....♣.≈≈
~~~..PP~~§~.Of@~~~~.≈≈
.~...PP~.~♣♣P.!~~~..~≈
....~PP<~♣♣♣♣>~§~~...~
~♣~.~♣♣PP♣ ♣♣.~~.....
♣♣♣ ♣♣♣♣ ...~~~~.~
...~~~~.~ ~...~~~.♣
~~.....)~♣


You could see a thorn hunter (ally target) and a friendly ogre (summoned,
berserk).

Vanquished Creatures
  Agnes (D:14)
  Frances (D:14)
  A fenstrider witch (Swamp:1)
  2 eleionomae (Swamp:1)
  Azrael (D:14)
  Snorg (Lair:4)
  A shambling mangrove (Swamp:1)
  8 vault guards
  2 rakshasas (D:15)
  3 catoblepae
  2 hydras
  2 centaur warriors
  An alligator (Swamp:1)
  3 boulder beetles
  4 two-headed ogres
  14 death yaks
  The ghost of diceflayer the Fighter, a novice DsGl (D:7)
  A spriggan druid (Swamp:1)
  A glowing orange brain (D:15)
  Pikel (D:7)
  A wizard (D:14)
  A deep elf pyromancer (D:15)
  8 ugly things
  A wolf spider (D:13)
  6 cyclopes
  4 manticores
  A salamander (Lair:2)
  A faun (shapeshifter) (D:15)
  An elephant (D:14)
  A torpor snail (Lair:3)
  3 gargoyles
  4 black mambas
  10 cane toads
  Psyche (D:12)
  An unseen horror (D:13)
  3 kobold demonologists
  7 komodo dragons
  3 rime drakes
  A freezing wraith (D:14)
  2 tyrant leeches (Swamp:1)
  7 polar bears
  10 hornets
  A troll (D:8)
  A wind drake (shapeshifter) (D:13)
  9 blink frogs
  6 slime creatures
  3 vampires
  15 spriggans
  A shadow (D:9)
  9 wyverns
  2 wraiths
  2 fire elementals (D:14)
  22 yaks
  6 basilisks
  Eustachio (D:4)
  10 vampire mosquitoes
  5 swamp worms (Swamp:1)
  2 steam dragons
  Edmund (D:5)
  4 hell hounds
  An acid dragon (D:8)
  13 water moccasins
  5 orc warriors
  4 black bears
  A sky beast (D:6)
  An ice beast (D:8)
  A swamp drake (Swamp:1)
  7 boggarts
  3 ogres
  28 wolves
  9 centaurs
  A phantom (D:4)
  2 lemures (D:7)
  16 kobold brigands
  3 gnoll sergeants
  17 bullfrogs
  5 scorpions
  A wight (D:8)
  5 killer bees (D:8)
  3 lava snakes (Lair:2)
  3 hounds
  4 jellies
  3 orc priests
  2 sleepcaps
  Crazy Yiuf (D:4)
  Jessica (D:2)
  Natasha (twice) (D:2)
  4 iguanas
  17 orc wizards
  5 adders
  4 gnolls (D:8)
  3 shadow imps
  2 white imps
  32 orcs
  5 endoplasms
  2 giant cockroaches (D:3)
  6 goblins
  3 hobgoblins
  5 jackals
  4 quokkas
  5 ball pythons
  6 bats
  4 frilled lizards
  28 kobolds
  7 rats
  A briar patch (Swamp:2)
513 creatures vanquished.

Vanquished Creatures (collateral kills)
  3 death yaks (Lair:5)
  A black mamba (Lair:2)
  A komodo dragon (Lair:5)
  A polar bear (Lair:5)
  A basilisk (Lair:2)
7 creatures vanquished.

Vanquished Creatures (others)
  A deep elf pyromancer (D:14)
  A bloated husk (Swamp:1)
  2 briar patches (Swamp:2)
  27 fungi
  31 plants
62 creatures vanquished.

Grand Total: 582 creatures vanquished

Notes
Turn   | Place    | Note
-------+----------+-------------------------------------------
     0 | D:1      | MisterFreud the Felid Berserker began the quest for the
                  | Orb.
     0 | D:1      | Reached XP level 1. HP: 10/10 MP: 2/2
   141 | D:1      | Reached skill level 1 in Stealth
   215 | D:1      | Reached XP level 2. HP: 11/14 MP: 3/3
   782 | D:2      | Noticed Jessica
   786 | D:2      | Killed Jessica
   787 | D:2      | Reached XP level 3. HP: 17/17 MP: 4/4
   858 | D:2      | Identified the +1 dagger "Xoqyrgh" {drain, Dex+3 SInv}
   898 | D:2      | Reached ** piety under Trog
  1055 | D:2      | Found a shimmering altar of Xom.
  1252 | D:2      | Noticed Natasha
  1258 | D:2      | Killed Natasha
  1259 | D:2      | Reached XP level 4. HP: 18/21 MP: 5/5
  1366 | D:2      | Noticed Natasha
  1386 | D:2      | Killed Natasha
  1669 | D:3      | Found a sacrificial altar of Ru.
  1866 | D:3      | Reached XP level 5. HP: 16/24 MP: 6/6
  2175 | D:3      | Found Zebuv's Distillery.
  2196 | D:3      | Bought a potion of curing for 36 gold pieces
  2196 | D:3      | Bought a potion of heal wounds for 60 gold pieces
  2307 | D:4      | Found Idduiv's Distillery.
  2319 | D:4      | Noticed a phantom
  2324 | D:4      | Noticed Eustachio
  2333 | D:4      | Killed a phantom
  2334 | D:4      | Reached skill level 5 in Unarmed Combat
  2335 | D:4      | Killed Eustachio
  2336 | D:4      | Reached skill level 5 in Dodging
  2336 | D:4      | Reached skill level 5 in Stealth
  2336 | D:4      | Gained mutation: You are covered in thick fur. (AC +2)
                  | [Felid growth]
  2336 | D:4      | Reached XP level 6. HP: 28/28 MP: 7/7
  2553 | D:4      | Reached XP level 7. HP: 20/31 MP: 8/8
  2702 | D:4      | Identified the ring of Pumythre {Fly rCorr}
  2717 | D:4      | Found a staircase to the Ecumenical Temple.
  2868 | D:4      | Found a runed translucent door.
  2873 | D:4      | Identified the +9 hammer of the Flying Gods {drain, rN++
                  | Stlth+}
  2877 | D:4      | Noticed Crazy Yiuf
  2884 | D:4      | Killed Crazy Yiuf
  2885 | D:4      | Reached skill level 6 in Dodging
  2938 | D:5      | Entered Level 5 of the Dungeon
  3040 | D:5      | Noticed Edmund
  3058 | D:5      | Killed Edmund
  3059 | D:5      | Reached skill level 7 in Dodging
  3071 | D:5      | Annihilated by an ogre
  3072 | D:5      | Reached XP level 6. HP: -24/28 MP: 7/7
  3191 | D:5      | Reached *** piety under Trog
  3192 | D:5      | Reached skill level 8 in Dodging
  3291 | D:5      | Reached XP level 7. HP: 31/31 MP: 8/8
  3292 | D:5      | Reached skill level 9 in Dodging
  3579 | D:5      | Found a shimmering altar of Xom.
  3607 | D:5      | Found an ornate altar of the Wu Jian Council.
  4231 | D:6      | Reached skill level 10 in Dodging
  4374 | D:6      | Reached XP level 8. HP: 26/36 MP: 9/9
  4494 | D:6      | Reached skill level 5 in Fighting
  5295 | D:7      | Found a runed translucent gate.
  5348 | D:7      | Reached XP level 9. HP: 40/41 MP: 10/10
  5406 | D:7      | Noticed a kobold demonologist
  5410 | D:7      | Found a runed translucent gate.
  5410 | D:7      | Found a runed translucent gate.
  5410 | D:7      | Noticed diceflayer's ghost (novice DsGl)
  5555 | D:7      | Noticed Pikel
  5586 | D:7      | Killed Pikel
  5587 | D:7      | Reached skill level 11 in Dodging
  5751 | D:7      | Noticed a smoke demon
  5756 | D:7      | Killed diceflayer's ghost
  5836 | D:7      | Reached **** piety under Trog
  5865 | D:7      | Killed a kobold demonologist
  5866 | D:7      | Reached skill level 12 in Dodging
  5902 | D:7      | Reached skill level 10 in Stealth
  6120 | D:8      | Reached skill level 1 in Evocations
  6206 | D:8      | Reached XP level 10. HP: 39/41 MP: 11/11
  7180 | D:8      | Found a staircase to the Lair.
  7219 | D:8      | Found The Oracle's Delphic Readings.
  7227 | D:8      | Bought a scroll of identify for 26 gold pieces
  7246 | D:8      | Reached skill level 5 in Evocations
  7813 | D:9      | Reached skill level 10 in Unarmed Combat
  7873 | D:9      | Reached ***** piety under Trog
  8424 | D:9      | Found a hazy altar of Hepliaklqana.
  8427 | D:9      | Found a blossoming altar of Fedhas.
  8871 | D:10     | Entered Level 10 of the Dungeon
  8924 | D:10     | Found a staircase to the Orcish Mines.
  8964 | D:10     | Noticed a two-headed ogre
  8971 | D:10     | Killed a two-headed ogre
  8972 | D:10     | Reached XP level 11. HP: 49/49 MP: 12/12
  9812 | D:12     | Noticed a two-headed ogre
  9823 | D:12     | Killed a two-headed ogre
  9954 | D:11     | Reached skill level 13 in Dodging
 10115 | D:11     | Noticed a two-headed ogre
 10122 | D:11     | Killed a two-headed ogre
 10447 | D:12     | Noticed a boulder beetle
 10449 | D:12     | Killed a boulder beetle
 10686 | D:12     | Noticed Psyche
 10693 | D:12     | Killed Psyche
 10994 | D:12     | Identified 2 scrolls of acquirement
 10994 | D:12     | Acquired a manual of Dodging
 10996 | D:12     | Acquired a manual of Fighting
 11236 | D:13     | Noticed a wolf spider
 11242 | D:13     | Noticed a centaur warrior
 11242 | D:13     | Noticed a two-headed ogre
 11242 | D:13     | Noticed a purple ugly thing
 11253 | D:13     | Killed a wolf spider
 11254 | D:13     | Gained mutation: Your thick and shaggy fur keeps you warm.
                  | (AC +3, rC+) [Felid growth]
 11254 | D:13     | Reached XP level 12. HP: 30/55 MP: 13/13
 11366 | Lair:1   | Entered Level 1 of the Lair of Beasts
 11544 | Lair:1   | Reached skill level 14 in Dodging
 12155 | Lair:1   | Noticed a boulder beetle
 12171 | Lair:1   | Killed a boulder beetle
 12232 | Lair:2   | Found a snail-covered altar of Cheibriados.
 12272 | Lair:2   | Found a stormy altar of Qazlal.
 12375 | Lair:2   | Found a staircase to the Swamp.
 12612 | Lair:2   | Reached skill level 15 in Dodging
 12908 | Lair:2   | Found a staircase to the Snake Pit.
 13077 | Lair:2   | Reached skill level 10 in Fighting
 13921 | Lair:3   | Noticed a death yak
 13929 | Lair:3   | Noticed a death yak
 13931 | Lair:3   | Noticed a death yak
 13933 | Lair:3   | Noticed a death yak
 13938 | Lair:3   | Killed a death yak
 13945 | Lair:3   | Killed a death yak
 13946 | Lair:3   | Reached skill level 10 in Evocations
 14034 | Lair:3   | Reached XP level 13. HP: 25/61 MP: 14/14
 14422 | Lair:3   | Reached skill level 15 in Stealth
 14427 | Lair:3   | HP: 3/91 [death yak (18)]
 15412 | Lair:4   | Noticed Snorg
 15419 | Lair:4   | Killed Snorg
 15600 | Lair:4   | Reached skill level 16 in Dodging
 16124 | Lair:5   | Entered Level 5 of the Lair of Beasts
 16129 | Lair:5   | Found a staircase to the Slime Pits.
 16635 | Lair:5   | Reached skill level 17 in Dodging
 16922 | Lair:5   | Found a dark tunnel.
 17247 | Lair:5   | Reached skill level 18 in Dodging
 17300 | Lair:5   | Slain by a spriggan rider
 17301 | Lair:5   | Reached XP level 12. HP: -3/61 MP: 13/13
 17595 | Lair:5   | Reached XP level 13. HP: 37/64 MP: 14/14
 17595 | Lair:5   | Reached skill level 19 in Dodging
 17595 | Lair:5   | Reached XP level 14. HP: 40/69 MP: 15/15
 17646 | Lair:5   | Reached ****** piety under Trog
 17704 | Lair:5   | Reached skill level 20 in Dodging
 17988 | Lair:5   | Identified the +5 short sword of the Forging Fool {freeze,
                  | Dex+4}
 18725 | Lair:5   | Reached skill level 15 in Unarmed Combat
 20080 | D:14     | Found a gate to the Vaults.
 20100 | D:14     | Reached skill level 21 in Dodging
 20142 | D:14     | Noticed Frances
 20146 | D:14     | Killed Frances
 20500 | D:14     | Noticed Agnes
 20503 | D:14     | Noticed Nessos
 20515 | D:14     | Killed Agnes
 20522 | D:14     | Nessos changed into Nessos the elephant
 20522 | D:14     | Noticed Nessos
 20737 | D:14     | Killed Nessos the elephant
 20785 | D:14     | Noticed Azrael
 20979 | D:14     | Noticed Roxanne
 21638 | D:14     | Killed Azrael
 22340 | D:15     | Entered Level 15 of the Dungeon
 22666 | D:15     | Reached skill level 15 in Fighting
 22666 | D:15     | Reached skill level 22 in Dodging
 22929 | D:15     | Reached XP level 15. HP: 77/77 MP: 16/16
 23111 | D:15     | Slain by a purple ugly thing
 23112 | D:15     | Reached XP level 14. HP: -4/73 MP: 15/15
 23388 | D:15     | Found a staircase to the Depths.
 23828 | Swamp:1  | Entered Level 1 of the Swamp
 24082 | Swamp:1  | Noticed a fenstrider witch
 24093 | Swamp:1  | Paralysed by a hornet for 1 turns
 24096 | Swamp:1  | Slain by a fenstrider witch
 24097 | Swamp:1  | Reached XP level 13. HP: -4/105 MP: 14/14
 24218 | Swamp:1  | Killed a fenstrider witch
 24325 | Swamp:1  | Noticed an eleionoma
 24342 | Swamp:1  | Killed an eleionoma
 24733 | Swamp:2  | Noticed a thorn hunter
 24756 | Swamp:2  | Slain by a thorn hunter

Illustrated notes

Levels and vault maps discovered:
D:1:      minmay_arrival_floating_metal, layout_loops_ring
D:2:      layout_loops_ring, basic_altar, st_stairs_8, uniq_jessica,
          uniq_natasha
D:3:      layout_basic, nicolae_ru_path_of_blood, serial_shops, shop
D:4:      layout_rooms, minmay_temple_entry_hall, serial_shops,
          nicolae_stop_n_shop_2, uniq_crazy_yiuf_cottage, uniq_eustachio
D:5:      layout_cave_pools, mainiacjoe_overflow_two_lobes, uniq_edmund
D:6:      nicolae_cairo_tiling_large, layout_loops_corners,
          kennysheep_generic_room_16
D:7:      layout_loops_cross, gammafunk_ghost_nasty_kobolds, uniq_pikel
D:8:      minmay_four_partial_circles, layout_layer_cave, lair_entry_dummy,
          nicolae_nh_oracle_at_delphi
D:9:      layout_grid_maze, minitemple
D:10:     layout_rooms, orc_0_dummy, minmay_increasing_density
D:11:     layout_irregular_city
D:12:     layout_basic, uniq_psyche
D:13:     layout_basic, minmay_circle_x
D:14:     layout_loops_ring, erik_vaults_2, portal_ice_cave_entry_pillars_three,
          uniq_roxanne, uniq_azrael, uniq_frances, uniq_agnes, uniq_nessos
D:15:     gammafunk_enter_depths_forms, layout_loops_ring,
          dreamdust_princess_bridge
Lair:1:   layout_hall_layers, minmay_lair_oklob_bushes
Lair:2:   wad_woods_stonehenge, layout_regular_city, swamp_mist,
          nicolae_snake_entry_warm_welcome, basic_altar, beast_lair_carwin_11
Lair:3:   layout_gridlike, serial_bayou_pond_d, grunt_forest_stairs_clearing
Lair:4:   layout_gridlike, lemuel_fruit_fields, uniq_snorg
Lair:5:   minmay_lair_end_enchanted_forest, layout_cave_pods,
          minmay_slime_entry_pillars, nicolae_volcano_entry_lava_flow,
          serial_bayou_shore_b
Swamp:1:  layout_basic_swamp, evilmike_swamp_ruin_house_5
Swamp:2:  layout_basic_swamp, nicolae_swamp_small_spring, swamp_pool1,
          nicolae_swamp_necromancer_hut

Skill      XL: |  1  2  3  4  5  6  7  8  9 10 11 12 13 14 |
---------------+-------------------------------------------+-----
Stealth        | 1 3 4 5 6 7 10 12 14 15 | 15.0
Unarmed Combat | 4 5 6 8 10 11 12 14 15 | 15.7
Dodging        | 5 8 10 12 13 15 19 22 | 22.0
Fighting       | 4 6 8 10 16 15 | 16.2
Evocations     | 1 6 8 10 | 10.0

Action                     |  1- 3 |  4- 6 |  7- 9 | 10-12 | 13-15 || total
---------------------------+-------+-------+-------+-------+-------++-------
  Melee: Unarmed           |    75 |   109 |   272 |   636 |  1039 ||  2131
         Bite              |     4 |    12 |    34 |    84 |   175 ||   309
         Punch             |     2 |     4 |    12 |    38 |   114 ||   170
 Invoke: Berserk           |     1 |     5 |    10 |    17 |    19 ||    52
         Trog's Hand       |       |     1 |     1 |     9 |    12 ||    23
         Brothers in Arms  |       |       |       |     1 |     2 ||     3
  Evoke: Wand              |       |       |     1 |     2 |     6 ||     9
         Box of beasts     |       |       |       |     1 |       ||     1
    Use: Scroll            |     1 |     4 |     7 |    18 |     2 ||    32
         Potion            |       |       |     5 |     1 |     3 ||     9
   Stab: Sleeping          |     3 |     6 |     5 |    45 |    28 ||    87
         Distracted        |       |       |     1 |     4 |     2 ||     7
         Paralysed         |       |       |       |     1 |       ||     1
 Armour: Skin              |     2 |    11 |    11 |    17 |    21 ||    62
  Dodge: Dodged            |    61 |    75 |   222 |   769 |   979 ||  2106
